 Dungeon Crawl Stone Soup version 0.27.1-3-gb3d3a73c9e (webtiles) character file.

Game seed: 3444614388470604827

2713 ABBCCCDDDD the Cleaver (level 9, -6/117 HPs)
             Began as a Deep Dwarf Delver on Oct 22, 2021.
             Splashed by an acid dragon's acid (14 damage)
             ... on level 13 of the Dungeon.
             The game lasted 00:26:07 (6031 turns).

ABBCCCDDDD the Cleaver (Deep Dwarf Delver)          Turns: 6031, Time: 00:26:07

Health: -6/117     AC: 14    Str: 19    XL:     9   Next: 39%
Magic:  12/12      EV:  9    Int: 11    God:
Gold:   20         SH:  0    Dex: 20    Spells: 15/15 levels left

rFire    . . .     SeeInvis .   a - +0 hand axe
rCold    . . .     Faith    .   (no shield)
rNeg     . . .     Spirit   .   E - +3 chain mail {Will+}
rPois    .         Reflect  .   l - +0 helmet
rElec    .         Harm     .   G - scarf {shadows}
rCorr    .         Rampage  .   (no gloves)
Will     ++...                  K - +0 pair of boots
Stlth    ..........             (no amulet)
HPRegen  0.00/turn              k - +6 ring of dexterity
MPRegen  0.13/turn              I - +4 ring of protection

@: berserking, on fire, about to teleport, corroded, glowing, very quick
A: damage resistance, heal wounds, sense surroundings 2, no regeneration
a: Heal Wounds


You were on level 13 of the Dungeon.
You visited 2 branches of the dungeon, and saw 15 of its levels.

You collected 312 gold pieces.
You spent 292 gold pieces at shops.

Inventory:

Hand Weapons
 a - a +0 hand axe (weapon)
 B - a +1 scimitar of freezing
Missiles
 J - 9 poisoned darts (quivered)
Armour
 b - a +0 leather armour
 l - a +0 helmet (worn)
 m - the +1 ring mail of Unreason {rPois rF++ Str-5}
   (You found it on level 4 of the Dungeon)

   Str:       It affects your strength (-5).
   rF:        It greatly protects you from fire.
   rPois:     It protects you from poison.
 n - a +0 scale mail
 t - a scarf of harm
 C - +1 swamp dragon scales
 E - a +3 chain mail of willpower (worn)
 G - a scarf of shadows (worn)
 K - a +0 pair of boots (worn)
Jewellery
 k - a +6 ring of dexterity (left hand)
 D - a ring of ice
 H - a +6 ring of dexterity
 I - a +4 ring of protection (right hand)
Wands
 g - a wand of digging (2)
Scrolls
 c - a scroll of fog
 d - 2 scrolls of magic mapping
 e - 3 scrolls of fear
 i - 2 scrolls of noise
 j - a scroll of vulnerability
 p - a scroll of enchant weapon
 r - a scroll of torment
 s - a scroll of silence
 v - 2 scrolls of teleportation
 w - a scroll of brand weapon
 x - a scroll of enchant armour
 y - a scroll of blinking
Potions
 f - a potion of haste
 h - 5 potions of curing
 o - 3 potions of brilliance
 q - 4 potions of flight
 u - a potion of degeneration {unknown}
 z - a potion of heal wounds {unknown}
 A - 2 potions of lignification {unknown}
 F - 3 potions of mutation {unknown}


   Skills:
 + Level 3.8 Fighting
 - Level 10.1 Axes
 - Level 3.8 Armour
 - Level 3.8 Dodging
 - Level 6.0 Stealth
 + Level 3.7 Spellcasting
 + Level 7.0 Evocations


You had 15 spell levels left.
You didn't know any spells.
Your spell library contained the following spells:

 Spells                   Type           Power      Damage    Failure   Level
 Animate Skeleton         Necr           4%         N/A       95%         1
 Pain                     Necr           8%         1d4       95%         1
 Sublimation of Blood     Necr           1%         N/A       99%         2
 Summon Guardian Golem    Hex/Summ       2%         N/A       100%        3
 Vampiric Draining        Necr           1%         2d6       100%        3
 Lightning Bolt           Conj/Air       1%         1d12      100%        5
 Orb of Destruction       Conj           1%         N/A       100%        7
 Spellforged Servitor     Conj/Summ      1%         N/A       100%        7
 Necromutation            Tmut/Necr      1%         N/A       100%        8


Dungeon Overview and Level Annotations

Branches:
Dungeon (14/15)            Temple (1/1) D:6            Lair (0/6) D:10
    Orc (0/2) D:12
 Vaults: D:13-14

Altars:
Ashenzari
Elyvilon
Gozag
Hepliaklqana
Kikubaaqudgha
Nemelex Xobeh
Okawaru
Qazlal
Ru
Sif Muna
Trog
Uskayaw
Yredelemnul
Zin
The Shining One

Shops:
D:5 ?   D:13 *

Annotations:
D:4 exclusions: jelly, kobold and ogre, Duvessa


Innate Abilities, Weirdness & Mutations

You are resistant to damage.
You can heal yourself by infusing magical energy.
You passively map the area around you.
You do not regenerate.


Message History

Found 13 gold pieces.
Found a dented bone amulet.
Found an escape hatch in the ceiling.
A catoblepas comes into view.
Found a scroll of identify.
The catoblepas bellows!
You hear two shouts!
The catoblepas breathes a plume of calcifying dust at you.
The blast of calcifying dust hits you.
* * * LOW HITPOINT WARNING * * *
There is a stone staircase leading up here.
You climb upwards.
The deep elf pyromancer shouts!
The moth of wrath's fur bristles in rage as it notices you.
An eight-headed hydra comes into view.
The moth of wrath bites you!
* * * LOW HITPOINT WARNING * * *
There is a stone staircase leading down, spattered with blood here.
A boulder beetle comes into view.
As you read the scroll of teleportation, it crumbles to dust.
You feel strangely unstable. The moth of wrath bites you!
* * * LOW HITPOINT WARNING * * *
The moth of wrath infuriates you!
A red film seems to cover your vision as you go berserk!
You feel yourself moving faster!
You feel mighty!
The acid dragon roars!
The deep elf pyromancer points at you and mumbles some strange words.
The sticky flame hits you.
You are covered in liquid flames!
You feel a strong urge to attack something.
You are covered in liquid flames!
* * * LOW HITPOINT WARNING * * *
You are covered in liquid flames!
* * * LOW HITPOINT WARNING * * *
The moth of wrath goads the boulder beetle on!
The boulder beetle goes berserk!
The moth of wrath goads the slime creature on!
The slime creature goes berserk!
The acid dragon spits acid at you.
The splash of acid hits you but does no damage.
The acid corrodes you!
You are splashed with acid!
You die...

,,+,,,#.#,,,,,#......,,,,,*******
,,*,,,#J#.,,,,#.......,,,,,,,,,,,
,.#####.#.,,,,#D......,,,,,,,,,,,
,.......#..,,,#......#****+***,,,
*######(##'####......#,,,,,,,*,,,
*,,,,,#..>....$......+,,,,,,,*,,,
*,*,*,#....eDy.B.....#,,,,,,,*,,,
*,,∩,,#.......J......##*******,,,
*,*,*,#.........@......,,,,,,,,,,
*,,,,,#................,,,,,,,,,,
***+**#................,,,,,,,,,,
*,*,.........##+#####,,,,,,,,,,
*,,,.........#,,,,,,*,,,,,,,,,,
***,,,,......+,,,,,,*,,,,,,****
*,,,,,....,*,,,,,,*,,,,,,*
*****,,,,,,,,,,********,,,,,,**
,,,,,,,,,,,,,,,,,,,,,,,,,,,,,,*


You could see a boulder beetle (berserk), an eight-headed hydra, a slime
creature (berserk), a moth of wrath shaped shifter, a deep elf pyromancer and an
acid dragon (catching breath).

Levels and vault maps discovered:
D:1:      shiori_arrival_whats_in_store_for_you, layout_loops_ring
D:2:      layout_loops_ring, basic_altar, grunt_ministairs_4, uniq_jessica
D:3:      layout_loops_ring, shapermc_ecumenical_altar_acropolis,
          minmay_starry_boxes
D:4:      layout_rooms, nicolae_ossuary_entry_giza, uniq_duvessa
D:5:      wad_woods_stonehenge, layout_basic, serial_shops, shop, minivault_4,
          uniq_blork_the_orc
D:6:      layout_rooms, mainiacjoe_overflow_large_starburst,
          minmay_temple_entry_hall, kennysheep_generic_room_3,
          uniq_crazy_yiuf_cottage, uniq_maggie, uniq_prince_ribbit1
D:7:      minmay_blocky_corners, layout_rooms, chequers_serial_rivers_marsh
D:8:      layout_basic, amethyst_overflow_temple_binary,
          gammafunk_temple_overflow_statue, grunt_ministairs_9,
          minmay_misc_feat_plants, uniq_joseph
D:9:      layout_basic, mainiacjoe_overflow_catwalk
D:10:     layout_basic, nicolae_overflow_hidden_temple,
          nicolae_overflow_crystal_walls, lemuel_crystal_altar,
          grunt_lair_entry_orc_guard_hut
D:11:     nzn_winding_woodlands_medium [nzn_winding_woodlands_5x5_checkerboard,
          nzn_winding_woodlands_5x15_sawtooth,
          nzn_winding_woodlands_5x5_perimeter,
          nzn_winding_woodlands_5x5_open_star,
          nzn_winding_woodlands_center_diamonds,
          nzn_winding_woodlands_5x5_cross, nzn_winding_woodlands_hourglass,
          nzn_winding_woodlands_5x15_split_checker,
          nzn_winding_woodlands_5x5_default], layout_rooms,
          chequers_serial_rivers_small_a, nrook_loot_triangle, feat_on_display
D:12:     layout_cave_pools, david_orc_2
D:13:     layout_irregular_city, serial_shops, kennysheep_little_box, shop, shop
D:14:     layout_big_octagon, grunt_vaults_entry_fortified
Temple:   minmay_temple_bridge_abc

Notes
Turn   | Place    | Note
-------+----------+-------------------------------------------
     0 | D:5      | ABBCCCDDDD the Deep Dwarf Delver began the quest for the
                  | Orb.
     0 | D:5      | Reached XP level 1. HP: 20/20 MP: 1/1
     3 | D:6      | Noticed Prince Ribbit
   194 | D:4      | Identified the +1 ring mail of Unreason {rPois rF++ Str-5}
   197 | D:4      | Noticed a jelly
   509 | D:2      | Noticed Jessica
   517 | D:2      | Killed Jessica
   518 | D:2      | Reached skill level 3 in Axes
   518 | D:2      | Reached skill level 1 in Armour
   518 | D:2      | Reached XP level 2. HP: 27/27 MP: 2/2
   518 | D:2      | Reached XP level 3. HP: 33/33 MP: 3/3
   568 | D:2      | Found a sparkling altar of Nemelex Xobeh.
   980 | D:1      | Noticed a palentonga
   980 | D:1      | Noticed a human
   981 | D:1      | Noticed an octopode
   985 | D:1      | Noticed a ghoul
   987 | D:1      | Noticed a gargoyle
   987 | D:1      | Noticed a spriggan
   991 | D:1      | Noticed a gargoyle
   991 | D:1      | Noticed a ghoul
   993 | D:1      | Noticed a gargoyle
   995 | D:1      | Noticed a demonspawn
   995 | D:1      | Noticed a djinni
   997 | D:1      | Noticed an octopode
  1001 | D:1      | Noticed a tengu
  1002 | D:1      | Noticed a demonspawn
  1004 | D:1      | Noticed an ogre
  1258 | D:1      | Reached XP level 4. HP: 20/42 MP: 4/4
  1409 | D:2      | Reached skill level 1 in Evocations
  2126 | D:3      | Reached skill level 4 in Axes
  2126 | D:3      | Reached XP level 5. HP: 30/49 MP: 5/5
  2404 | D:3      | Found a faded altar of an unknown god.
  2578 | D:4      | Noticed an ogre
  2802 | D:4      | Noticed Duvessa
  3006 | D:4      | Reached skill level 1 in Spellcasting
  3169 | D:5      | Reached XP level 6. HP: 28/56 MP: 7/7
  3180 | D:5      | Noticed Blork the orc
  3192 | D:5      | Killed Blork the orc
  3230 | D:5      | Found Peekhlukh's Magic Scroll Emporium.
  3258 | D:5      | Bought a scroll of blinking for 97 gold pieces
  3258 | D:5      | Bought a scroll of teleportation for 39 gold pieces
  3301 | D:5      | Reached skill level 5 in Axes
  3333 | D:5      | Noticed an ice beast
  3434 | D:5      | Reached XP level 7. HP: 40/62 MP: 10/10
  3488 | D:5      | Found a broken altar of Ashenzari.
  3827 | D:6      | Noticed Maggie
  3842 | D:6      | Killed Maggie
  3843 | D:6      | Reached skill level 6 in Axes
  3980 | D:6      | Reached XP level 8. HP: 35/69 MP: 11/11
  4029 | D:6      | Reached skill level 7 in Axes
  4029 | D:6      | Reached skill level 5 in Evocations
  4139 | D:6      | Killed Prince Ribbit
  4157 | D:6      | Found a staircase to the Ecumenical Temple.
  4161 | D:6      | Reached skill level 8 in Axes
  4165 | Temple   | Entered the Ecumenical Temple
  4944 | D:6      | Found an ancient bone altar of Kikubaaqudgha.
  4944 | D:6      | Found a hazy altar of Hepliaklqana.
  4978 | D:7      | Reached skill level 9 in Axes
  5038 | D:7      | Got Xedeso's Papyrus of Feathery Stolen Souls
  5120 | D:7      | Gained mutation: You passively map the area around you.
                  | [Deep Dwarf growth]
  5120 | D:7      | Reached XP level 9. HP: 29/75 MP: 12/12
  5281 | D:7      | Reached skill level 10 in Axes
  5537 | D:9      | Noticed a troll
  5658 | D:10     | Entered Level 10 of the Dungeon
  5672 | D:11     | Noticed a two-headed ogre
  5673 | D:11     | Noticed a troll
  5734 | D:11     | Noticed a four-headed hydra
  5756 | D:11     | Noticed a cyclops
  5768 | D:11     | Killed a four-headed hydra
  5851 | D:11     | Noticed a kobold demonologist
  5852 | D:11     | Noticed a boulder beetle
  5853 | D:11     | Noticed a komodo dragon
  5875 | D:12     | Noticed a manticore
  5898 | D:13     | Found Nurim's General Store.
  5904 | D:13     | Bought a scarf of shadows for 156 gold pieces
  5948 | D:12     | Noticed a troll
  5977 | D:13     | Noticed a deep elf pyromancer
  5979 | D:13     | Noticed a moth of wrath
  5979 | D:13     | a spriggan changed into a moth of wrath
  6010 | D:14     | Noticed a catoblepas
  6026 | D:13     | Noticed an eight-headed hydra
  6027 | D:13     | Noticed a boulder beetle
  6031 | D:13     | Splashed by an acid dragon's acid

Table legend: (Time is in decaauts)
 A = Elapsed time spent in this place.
 B = Non-inter-level travel time spent in this place.
 C = Inter-level travel time spent in this place.
 D = Time resting spent in this place.
 E = Time spent auto-exploring this place.
 F = Levels seen in this place.
 G = Mean time per level.
                   A        B        C        D        E       F      G
               +--------+--------+--------+--------+--------+-----+--------+
         Total |   6058 |   5584 |    474 |    100 |   2365 |  15 |  403.9 |
       Dungeon |   5854 |   5399 |    455 |    100 |   2198 |  14 |  418.1 |
        Temple |    203 |    184 |     19 |      0 |    167 |   1 |  203.0 |
               +--------+--------+--------+--------+--------+-----+--------+

Top non-repeatable levels by time:
     D:5: 1340 daAuts
     D:2: 940 daAuts
     D:3: 825 daAuts
     D:1: 758 daAuts
     D:6: 546 daAuts
     D:4: 386 daAuts
     D:8: 345 daAuts
     D:7: 219 daAuts
  Temple: 203 daAuts
    D:11: 142 daAuts
     D:9: 117 daAuts
    D:13: 112 daAuts
    D:10: 62 daAuts
    D:14: 34 daAuts
    D:12: 23 daAuts

Table legend:
 A = Kills in this place as a percentage of kills in entire the game.
 B = Kills by you in this place as a percentage of kills by you in the entire game.
 C = Kills by friends in this place as a percentage of kills by friends in the entire game.
 D = Other kills in this place as a percentage of other kills in the entire game.
 E = Experience gained in this place as a percentage of experience gained in the entire game.
 F = Experience gained in this place divided by the number of levels of this place that you have seen.
                   A       B       C       D       E      F
               +-------+-------+-------+-------+-------+----------------------
         Total | 100.0 | 100.0 | 100.0 | 100.0 | 100.0 | 258.5
       Dungeon | 100.0 | 100.0 | 100.0 | 100.0 | 100.0 | 276.9
               +-------+-------+-------+-------+-------+----------------------

Action                   |  1- 3 |  4- 6 |  7- 9 || total
-------------------------+-------+-------+-------++-------
Melee: Hand axe          |    86 |   262 |   230 ||   578
Throw: Dart              |       |       |     2 ||     2
 Abil: Heal Wounds       |     1 |     5 |     8 ||    14
Evoke: Wand              |       |     6 |    23 ||    29
  Use: Scroll            |       |     6 |    10 ||    16
 Stab: Sleeping          |     8 |    10 |       ||    18
       Distracted        |     1 |       |       ||     1
Armor: Ring mail         |    36 |   107 |    50 ||   193
       Chain mail        |       |       |    69 ||    69
Dodge: Dodged            |    76 |   178 |   140 ||   394

Vanquished Creatures
  Maggie (D:6)
  Prince Ribbit (D:6)
  A steam dragon (D:6)
  A water moccasin (D:7)
  A black bear (D:5)
  2 ice beasts (D:7)
  A necrophage (D:7)
  A centaur (D:6)
  An ogre (D:6)
  A phantom (D:5)
  2 bullfrogs
  Blork the orc (D:5)
  A water moccasin skeleton (D:5)
  2 wights (D:8)
  A centaur zombie (D:9)
  A bullfrog zombie (D:6)
  3 hounds
  An orc priest (D:5)
  A centaur skeleton (D:4)
  Jessica (D:2)
  An iguana (D:6)
  An orc wizard (D:9)
  A hound zombie (D:5)
  5 gnolls (D:5)
  4 adders
  4 river rats (D:5)
  A shadow imp (D:5)
  A white imp (D:6)
  3 ufetubi
  An adder skeleton (D:4)
  2 dart slugs
  19 orcs
  6 bats
  9 endoplasms
  2 giant cockroaches
  8 goblins
  2 hobgoblins
  7 jackals
  7 kobolds
  4 quokkas
  4 ball pythons
  6 frilled lizards
  An orc zombie (D:4)
  8 rats
132 creatures vanquished.

Vanquished Creatures (collateral kills)
  A hydra (D:11)
  A wraith (D:9)
  A centaur (D:9)
  A bullfrog (D:9)
  An orc priest (D:9)
  2 orcs (D:9)
7 creatures vanquished.

Vanquished Creatures (others)
  A cyclops (D:11)
  2 bullfrogs (D:11)
  A gnoll (D:10)
  9 fungi
  39 plants
52 creatures vanquished.

Grand Total: 191 creatures vanquished
